 Dungeon Crawl Stone Soup version 0.27.1-3-gb3d3a73c9e (webtiles) character file.

Game seed: 9979643958026064010

1059 jjjjhere the Chopper (level 8, -7/56 HPs)
             Began as a Demonspawn Gladiator on Oct 6, 2021.
             Was a Priest of Okawaru.
             Mangled by an orc warrior (18 damage)
             ... on level 5 of the Dungeon.
             The game lasted 00:07:21 (4320 turns).

jjjjhere the Chopper (Demonspawn Gladiator)         Turns: 4320, Time: 00:07:22

Health: -7/56      AC: 11    Str: 17    XL:     8   Next: 6%
Magic:  9/9        EV: 11    Int: 10    God:    Okawaru [***...]
Gold:   175        SH: 10    Dex: 14    Spells: 7/7 levels left

rFire    . . .     SeeInvis .   a - +1 war axe
rCold    . . .     Faith    .   i - +0 buckler
rNeg     . . .     Spirit   .   m - +4 ring mail {Will+}
rPois    .         Reflect  +   c - +1 helmet
rElec    .         Harm     .   (no cloak)
rCorr    .         Rampage  .   (no gloves)
Will     ++...                  (no boots)
Stlth    +.........             p - amulet of reflection
HPRegen  0.18/turn              r - ring of willpower
MPRegen  0.11/turn              (no ring)

@: no status effects
A: hooves 1, powered by death 1, spiny 1
a: Renounce Religion, Heroism


You were on level 5 of the Dungeon.
You worshipped Okawaru.
Okawaru was most pleased with you.
You visited 1 branch of the dungeon, and saw 5 of its levels.

You collected 175 gold pieces.

Inventory:

Hand Weapons
 a - a +1 war axe (weapon)
Missiles
 d - 2 throwing nets
 q - 5 boomerangs
 u - 6 poisoned darts (quivered)
Armour
 b - a +0 leather armour
 c - a +1 helmet (worn)
 g - a +0 chain mail
 i - a +0 buckler (worn)
 m - a +4 ring mail of willpower (worn)
Jewellery
 p - an amulet of reflection (around neck)
 r - a ring of willpower (left hand)
Scrolls
 f - 2 scrolls of immolation {unknown}
 j - 4 scrolls of identify {unknown}
 n - a scroll of magic mapping {unknown}
 s - a scroll of fear {unknown}
Potions
 e - 3 potions of cancellation {unknown}
 h - 2 potions of mutation {unknown}
 k - a potion of berserk rage {unknown}
 l - a potion of haste {unknown}
 o - a potion of curing {unknown}
 t - a potion of flight {unknown}


   Skills:
 - Level 2.0 Fighting
 * Level 7.7 Axes
 + Level 2.4 Throwing
 - Level 2.6 Dodging
 - Level 4.0 Shields
 - Level 1.4 Invocations


You had 7 spell levels left.
You didn't know any spells.
Your spell library contained the following spells:

 Spells                   Type           Power      Damage    Failure   Level
 Corpse Rot               Necr/Air       N/A        N/A       71%         2
 Passwall                 Tmut/Erth      0%         N/A       71%         2
 Poisonous Vapours        Pois/Air       0%         N/A       71%         2
 Swiftness                Air            0%         N/A       91%         3
 Freezing Cloud           Conj/Ice/Air   0%         6-21      100%        5
 Summon Forest            Summ/Tloc      0%         N/A       100%        5
 Eringya's Noxious Bog    Tmut/Pois      0%         N/A       100%        6
 Invisibility             Hex            0%         N/A       100%        6
 Summon Hydra             Summ           0%         N/A       100%        7


Dungeon Overview and Level Annotations

Branches:
Dungeon (5/15)
 Temple: D:4-7

Altars:
Okawaru
Lugonu

Shops:
D:4 [

Portals:
Abyss: D:3

Annotations:
D:3 2 runed translucent doors


Innate Abilities, Weirdness & Mutations

You have large cloven feet.
You regenerate a little health from kills.
You are partially covered in sharp spines.


Message History

You hit the orc warrior but do no damage.
Your kick misses the orc warrior.
The orc warrior is moderately wounded.
The orc warrior misses you.
You completely miss the orc warrior.
The orc warrior is moderately wounded.
You block the orc warrior's attack.
You slash the orc warrior!
The orc warrior is severely wounded.
The orc warrior closely misses you.
You closely miss the orc warrior. Your kick misses the orc warrior.
The orc warrior is severely wounded.
The orc warrior is struck by your spines.
The orc warrior hits you with a +0 dire flail!
You hit the orc warrior but do no damage.
You kick the orc warrior, but do no damage.
The orc warrior is severely wounded.
The orc warrior is struck by your spines.
The orc warrior hits you with a +0 dire flail!
You closely miss the orc warrior.
The orc warrior is severely wounded.
The orc warrior closely misses you.
You barely miss the orc warrior.
You kick the orc warrior, but do no damage.
The orc warrior is severely wounded.
You hit the orc warrior but do no damage.
The orc warrior is severely wounded.
The orc warrior hits you with a +0 dire flail!
You hit the orc warrior but do no damage.
You kick the orc warrior, but do no damage.
The orc warrior is severely wounded.
The orc warrior hits you with a +0 dire flail!
* * * LOW HITPOINT WARNING * * *
Items here: )) [ ††.
You feel like a meek peon again.
Things that are here:
a +0 club; a +0 leather armour You see here a wyvern corpse.
The orc warrior hits you with a +0 dire flail!!
You die...

..# #..##.##.####.. ....#
##.###....# #.# #...##.># ##..##
#(#
..........##..[#.######.#####..
....<............<............#
.....(.............#####.####.#
...........##..###..# #.# #..
...........#...# #..###.## ##^
.............>@## #......#####
...........##.o.# ####........
#.##.##.#.#########...... #####
#.##.##g.........###.....
......###)##.###†#######[....####
#.......)g)..# ####..#
#####.#..##### #..# #....## ##.#
#...## ###


You could see an orc warrior and a gnoll.

Vanquished Creatures
  A wyvern (D:5)
  2 ogres (D:4)
  A necrophage (D:4)
  A kobold brigand (D:5)
  2 scorpions (D:5)
  3 hounds
  An orc priest (D:5)
  A gnoll shaman (D:4)
  2 iguanas
  An orc wizard (D:4)
  A hound skeleton (D:4)
  Robin (D:2)
  6 gnolls
  5 adders
  2 ufetubi
  An adder skeleton (D:4)
  A worm (D:3)
  A dart slug (D:4)
  9 orcs
  9 endoplasms
  3 giant cockroaches
  16 goblins
  7 hobgoblins
  3 jackals (D:3)
  5 quokkas
  5 ball pythons
  6 bats
  4 frilled lizards
  14 kobolds
  4 rats
118 creatures vanquished.

Notes
Turn   | Place    | Note
-------+----------+-------------------------------------------
     0 | D:1      | jjjjhere the Demonspawn Gladiator began the quest for the
                  | Orb.
     0 | D:1      | Reached XP level 1. HP: 16/16 MP: 1/1
   123 | D:1      | Reached skill level 3 in Axes
   365 | D:1      | Gained mutation: You regenerate a little health from kills.
                  | [demonic ancestry]
   365 | D:1      | Reached XP level 2. HP: 21/22 MP: 2/2
   910 | D:1      | Found a faded altar of an unknown god.
   972 | D:1      | Became a worshipper of Warmaster Okawaru
   972 | D:1      | Reached * piety under Okawaru
  1195 | D:2      | Reached skill level 1 in Invocations
  1195 | D:2      | Reached XP level 3. HP: 21/27 MP: 0/3
  1535 | D:2      | Reached skill level 4 in Axes
  1556 | D:2      | Noticed Robin
  1564 | D:2      | Killed Robin
  1589 | D:2      | Reached XP level 4. HP: 33/33 MP: 5/5
  1982 | D:3      | Found a large runed translucent door.
  1982 | D:3      | Found a large runed translucent door.
  1987 | D:3      | Found a corrupted altar of Lugonu.
  2366 | D:3      | Reached skill level 1 in Shields
  2674 | D:3      | Found a one-way gate to the infinite horrors of the Abyss.
  2820 | D:4      | Reached XP level 5. HP: 37/38 MP: 6/6
  2915 | D:4      | Noticed an ogre
  2939 | D:4      | Killed an ogre
  2940 | D:4      | Reached skill level 5 in Axes
  3175 | D:4      | Gained mutation: You are partially covered in sharp spines.
                  | [demonic ancestry]
  3175 | D:4      | Reached XP level 6. HP: 44/44 MP: 7/7
  3236 | D:4      | Reached ** piety under Okawaru
  3368 | D:4      | Reached skill level 6 in Axes
  3395 | D:4      | Gained mutation: You have large cloven feet. [demonic
                  | ancestry]
  3395 | D:4      | Reached XP level 7. HP: 50/50 MP: 8/8
  3610 | D:4      | Found Ijeydere's Antique Armour Boutique.
  3686 | D:5      | Entered Level 5 of the Dungeon
  3985 | D:5      | Reached *** piety under Okawaru
  3994 | D:5      | Reached skill level 7 in Axes
  4243 | D:5      | Noticed a wyvern
  4251 | D:5      | Killed a wyvern
  4252 | D:5      | Reached XP level 8. HP: 56/56 MP: 6/9
  4309 | D:5      | HP: 9/56 [orc warrior (10)]
  4320 | D:5      | Mangled by an orc warrior

Illustrated notes

Levels and vault maps discovered:
D:1:      lemuel_arrival_funnel, layout_rooms,
          shapermc_ecumenical_altar_flowoftime
D:2:      layout_loops_ring, uniq_robin
D:3:      due_chaos_kobolds, layout_loops_ring, serial_rivers,
          chequers_serial_rivers_marsh, chequers_serial_rivers_micro_e,
          chequers_serial_rivers_small_a, chequers_serial_rivers_large_b,
          chequers_serial_rivers_micro_a, chequers_serial_rivers_large_a
D:4:      layout_cave_pools, serial_shops, kennysheep_little_box,
          hangedman_glass_teeth, kennysheep_generic_room_5
D:5:      layout_rooms

Skill      XL: |  1  2  3  4  5  6  7 |
---------------+----------------------+-----
Axes           | 3 4 5 6 7 |  7.7
Invocations    | 1 |  1.4
Shields        | 1 2 3 4 |  4.0
Throwing       | 2 |  2.4
Fighting       | |  2.0
Dodging        | |  2.6

Action                   |  1- 3 |  4- 6 |  7- 9 || total
-------------------------+-------+-------+-------++-------
Melee: War axe           |   124 |   140 |    83 ||   347
       Kick              |       |       |    17 ||    17
Throw: Throwing net      |     1 |       |       ||     1
       Boomerang         |       |     1 |       ||     1
       Dart              |       |       |     2 ||     2
Invok: Heroism           |     1 |     2 |     2 ||     5
  Use: Scroll            |     4 |       |       ||     4
 Stab: Sleeping          |     1 |       |       ||     1
       Held in net/web   |     1 |       |       ||     1
Armor: Leather armour    |    12 |       |       ||    12
       Chain mail        |    52 |    55 |       ||   107
       Ring mail         |       |    26 |    27 ||    53
Dodge: Dodged            |    56 |    71 |    28 ||   155
Block: Buckler           |     2 |    50 |    53 ||   105
       Reflection        |       |     1 |     1 ||     2
